 Dungeon Crawl Stone Soup version 0.27-a0-1502-g47ed6a6988 (webtiles) character file.

Game seed: 4740625059248612758

2144 trckry the Arsonist (level 9, -2/45 HPs)
             Began as a Deep Elf Fire Elementalist on July 9, 2021.
             Was a Follower of Vehumet.
             Slain by a killer bee (5 damage)
             ... on level 6 of the Dungeon.
             The game lasted 00:15:09 (8739 turns).

trckry the Arsonist (Deep Elf Fire Elementalist)    Turns: 8739, Time: 00:15:10

Health: -2/45      AC:  3    Str:  8    XL:     9   Next: 9%
Magic:  3/18       EV: 12    Int: 21    God:    Vehumet [*.....]
Gold:   394        SH:  0    Dex: 15    Spells: 4/18 levels left

rFire    . . .     SeeInvis .   a - +2 dagger (venom)
rCold    . . .     Faith    .   (no shield)
rNeg     + . .     Spirit   .   i - +1 robe {rN+}
rPois    .         Reflect  .   (no helmet)
rElec    .         Harm     .   (no cloak)
rCorr    .         Rampage  .   (no gloves)
Will     .....                  (no boots)
Stlth    ++........             j - amulet of the acrobat
HPRegen  0.15/turn              (no ring)
MPRegen  0.16/turn              (no ring)

@: studying Maces & Flails
A: no striking features
a: Renounce Religion


You were on level 6 of the Dungeon.
You worshipped Vehumet.
Vehumet was aware of your devotion.
You visited 2 branches of the dungeon, and saw 8 of its levels.

You collected 394 gold pieces.

Inventory:

Hand Weapons
 a - a +2 dagger of venom (weapon)
 b - a +3 long sword
Missiles
 c - 48 poisoned darts
 r - 2 boomerangs of dispersal
Armour
 i - a +1 robe of positive energy (worn)
Jewellery
 j - an amulet of the acrobat (around neck)
 p - a ring of ice
 t - a ring of fire
Wands
 q - a wand of mindburst (12)
Scrolls
 d - 5 scrolls of identify {unknown}
 m - a scroll of magic mapping {unknown}
 o - a scroll of teleportation {unknown}
Potions
 e - a potion of curing
 f - 4 potions of lignification
 g - 2 potions of resistance {unknown}
 h - a potion of brilliance {unknown}
 k - a potion of might {unknown}
 l - 2 potions of degeneration {unknown}
 n - a potion of heal wounds {unknown}
 s - a potion of flight {unknown}


   Skills:
 - Level 2.4 Dodging
 - Level 2.4 Stealth
 - Level 5.0 Spellcasting
 * Level 8.3 Conjurations
 * Level 9.0 Fire Magic
 + Level 4.5 Earth Magic


You had 4 spell levels left.
You knew the following spells:

 Your Spells              Type           Power      Damage    Failure   Level
a - Foxfire               Conj/Fire      100%       2x1d9     1%          1
b - Conjure Flame         Conj/Fire      41%        6-21      1%          3
c - Fireball              Conj/Fire      20%        3d10      9%          5
d - Bolt of Magma         Conj/Fire/Erth 18%        4d10      16%         5

Your spell library contained the following spells:

 Spells                   Type           Power      Damage    Failure   Level
 Sandblast                Erth           48%        2d12      1%          1
 Static Discharge         Conj/Air       22%        N/A       3%          2
 Sticky Flame             Conj/Fire      41%        2d6       3%          4
 Inner Flame              Hex/Fire       24%        N/A       4%          3
 Ignite Poison            Fire/Tmut/Pois 17%        N/A       10%         3
 Animate Skeleton         Necr           10%        N/A       11%         1
 Pain                     Necr           20%        1d5       11%         1
 Mephitic Cloud           Conj/Pois/Air  16%        N/A       11%         3
 Call Canine Familiar     Summ           5%         N/A       32%         3
 Portal Projectile        Hex/Tloc       10%        N/A       32%         3
 Vampiric Draining        Necr           2%         2d6       32%         3
 Leda's Liquefaction      Hex/Erth       7%         N/A       38%         4
 Dispel Undead            Necr           5%         3d7       71%         4
 Agony                    Necr           5%         N/A       96%         5
 Excruciating Wounds      Necr           2%         N/A       96%         5


Dungeon Overview and Level Annotations

Branches:
Dungeon (7/15)             Temple (1/1) D:4

Altars:
Dithmenos
Gozag
Hepliaklqana
Kikubaaqudgha
Makhleb
Nemelex Xobeh
Okawaru
Qazlal
Trog
Uskayaw
Vehumet
Wu Jian
Xom
Yredelemnul
Zin
The Shining One

Shops:
D:7 ?


Message History

Your foxfire dissipates!
You feel sick.
The foxfire hits the hound.
The hound is moderately wounded.
The foxfire hits the hound.
The hound is heavily wounded.
The killer bee misses you. The hound completely misses you.
You take 1 damage, and have 20/45 hp.
You feel sick.
You are no longer poisoned.
The killer bee closely misses you.
You take 1 damage, and have 19/45 hp.
The killer bee closely misses you.
The killer bee completely misses you. x2
You open the door.
The killer bee stings you but does no damage.
The killer bee misses you. The killer bee stings you.
The killer bee barely misses you.
You take 3 damage, and have 17/45 hp.
The killer bee completely misses you. The killer bee misses you.
The hound completely misses you.
There is an open door here.
The killer bee stings you!
* * * LOW HITPOINT WARNING * * *
You take 7 damage, and have 10/45 hp.
The killer bee completely misses you.
There is a stone staircase leading up here.
The killer bee stings you.
* * * LOW HITPOINT WARNING * * *
The killer bee barely misses you. The killer bee stings you.
* * * LOW HITPOINT WARNING * * *
The killer bee stings you but does no damage.
You climb upwards.
There is a stone staircase leading down here.
You take 1 damage, and have 9/45 hp.
Casting: Foxfire (safe; 1% risk of failure)
Confirm with . or Enter, or press ? or * to list all spells.
You conjure some foxfire!
The killer bee stings you.
* * * LOW HITPOINT WARNING * * *
The killer bee stings you.
You die...

☼○#...#○°§○○####.######.###.#####
.§#.#.#○°○§☼##..................#
§##...#§○☼§§##.#.######.###.###.#
###...########...................
###'''########..........###...#..
###...########.#.##########......
...............................†.
#...###########vy################
#...# #v@y............... #...##
################### .....#
#............# .....#
#.##########.# .....# #.# #.#
###### #.##########.# ##
#............. .# #..###########
.# #..#..........


You could see 2 killer bees.

Vanquished Creatures
  Sigmund (D:3)
  Menkaure (D:6)
  Edmund (D:4)
  A sky beast (D:6)
  3 necrophages
  2 ice beasts
  An ogre (D:5)
  A bullfrog (D:3)
  2 scorpions
  4 killer bees (D:7)
  2 howler monkeys
  3 hounds
  2 jellies (D:5)
  2 bullfrog skeletons
  Jessica (D:2)
  9 iguanas
  An orc wizard (D:4)
  A killer bee zombie (D:6)
  A hound skeleton (D:5)
  10 adders
  2 worms (D:2)
  4 dart slugs
  15 orcs
  11 endoplasms
  2 giant cockroaches (D:4)
  9 goblins
  4 hobgoblins
  5 jackals
  7 kobolds
  A quokka (D:3)
  5 ball pythons
  7 bats
  3 frilled lizards
  6 rats
130 creatures vanquished.

Vanquished Creatures (collateral kills)
  A foxfire (D:1)
1 creature vanquished.

Vanquished Creatures (others)
  618 foxfires
618 creatures vanquished.

Grand Total: 749 creatures vanquished

Notes
Turn   | Place    | Note
-------+----------+-------------------------------------------
     0 | D:1      | trckry the Deep Elf Fire Elementalist began the quest for
                  | the Orb.
     0 | D:1      | Reached XP level 1. HP: 10/10 MP: 6/6
   226 | D:1      | Reached XP level 2. HP: 15/15 MP: 6/8
   347 | D:1      | Found a faded altar of an unknown god.
  1344 | D:2      | Reached XP level 3. HP: 19/19 MP: 4/9
  1550 | D:2      | Reached skill level 4 in Fire Magic
  1770 | D:2      | Reached XP level 4. HP: 15/24 MP: 0/11
  1906 | D:2      | Noticed Jessica
  1913 | D:2      | Killed Jessica
  2478 | D:3      | Noticed a bullfrog
  2483 | D:3      | Killed a bullfrog
  2484 | D:3      | Reached XP level 5. HP: 28/28 MP: 6/13
  2553 | D:3      | Noticed Sigmund
  2560 | D:3      | Killed Sigmund
  2561 | D:3      | Reached skill level 5 in Fire Magic
  2561 | D:3      | Reached XP level 6. HP: 32/32 MP: 6/15
  2826 | D:3      | Found a large runed translucent door.
  2826 | D:3      | Found a large runed translucent door.
  3715 | D:3      | Found a basalt altar of Yredelemnul.
  3721 | D:3      | Found a glowing silver altar of Zin.
  3897 | D:4      | Learned a level 3 spell: Conjure Flame
  3903 | D:4      | Learned a level 5 spell: Fireball
  4226 | D:4      | Found a staircase to the Ecumenical Temple.
  4277 | Temple   | Entered the Ecumenical Temple
  4524 | Temple   | Became a worshipper of Vehumet
  4548 | D:4      | Learned a level 5 spell: Bolt of Magma
  4723 | D:4      | Reached skill level 5 in Spellcasting
  4746 | D:4      | Noticed Edmund
  4812 | D:4      | HP: 4/32 [poisoned by Edmund]
  4818 | D:4      | HP: 4/48 [Edmund (4)]
  4826 | D:4      | Killed Edmund
  4827 | D:4      | Reached skill level 5 in Conjurations
  4827 | D:4      | Reached skill level 6 in Fire Magic
  4827 | D:4      | Reached skill level 1 in Earth Magic
  4827 | D:4      | Reached XP level 7. HP: 14/36 MP: 16/16
  5388 | D:5      | Entered Level 5 of the Dungeon
  5816 | D:5      | Reached skill level 7 in Fire Magic
  5948 | D:5      | Reached XP level 8. HP: 41/41 MP: 11/17
  6969 | D:6      | Noticed Menkaure
  6978 | D:6      | Killed Menkaure
  6979 | D:6      | Reached skill level 8 in Fire Magic
  8218 | D:6      | Found a sparkling altar of Nemelex Xobeh.
  8590 | D:7      | Reached XP level 9. HP: 32/45 MP: 14/18
  8698 | D:7      | Found Gofocaugix's Magic Scroll Emporium.
  8723 | D:7      | Reached * piety under Vehumet
  8723 | D:7      | Offered knowledge of Sandblast by Vehumet.
  8724 | D:7      | Reached skill level 9 in Fire Magic
  8739 | D:6      | HP: 3/45 [killer bee (6)]
  8739 | D:6      | Slain by a killer bee

Illustrated notes

Levels and vault maps discovered:
D:1:      dpeg_arrival_boxes_within_box, layout_basic,
          ebering_ecumenical_altar_petrified, minmay_hexomino_f4
D:2:      layout_basic, uniq_jessica
D:3:      layout_basic, jmf_multi_god_temple2, uniq_sigmund
D:4:      layout_loops_cross, temple_pool_b, minmay_close_crescents, uniq_edmund
D:5:      layout_rooms
D:6:      layout_basic, nemelex_altar_shiori, minmay_holes, uniq_menkaure
D:7:      layout_gridville, nicolae_overflow_hidden_temple, serial_shops, shop,
          uniq_duvessa
Temple:   oiseaux_autumnal_temple

Skill      XL: |  1  2  3  4  5  6  7  8  9 |
---------------+----------------------------+-----
Conjurations   | 2 3 4 5 6 8 |  8.3
Fire Magic     | 4 5 6 7 8 9 |  9.0
Spellcasting   | 4 5 |  5.0
Earth Magic    | 1 2 4 |  4.5
Dodging        | |  2.4
Stealth        | |  2.4

Action                   |  1- 3 |  4- 6 |  7- 9 || total
-------------------------+-------+-------+-------++-------
Melee: Dagger            |       |    10 |    11 ||    21
 Cast: Foxfire           |    94 |   123 |   192 ||   409
       Bolt of Magma     |       |       |     3 ||     3
  Use: Potion            |       |     3 |       ||     3
Armor: Robe              |     4 |     3 |    11 ||    18
       Skin              |       |     9 |       ||     9
Dodge: Dodged            |    11 |     6 |    78 ||    95
       Rpst.: Long sword |       |     1 |       ||     1

Table legend: (Time is in decaauts)
 A = Elapsed time spent in this place.
 B = Non-inter-level travel time spent in this place.
 C = Inter-level travel time spent in this place.
 D = Time resting spent in this place.
 E = Time spent auto-exploring this place.
 F = Levels seen in this place.
 G = Mean time per level.
                   A        B        C        D        E       F      G
               +--------+--------+--------+--------+--------+-----+--------+
         Total |   8746 |   8408 |    338 |      9 |   7312 |   8 | 1093.2 |
       Dungeon |   8475 |   8152 |    323 |      9 |   7065 |   7 | 1210.7 |
        Temple |    270 |    255 |     15 |      0 |    247 |   1 |  270.0 |
               +--------+--------+--------+--------+--------+-----+--------+

Top non-repeatable levels by time:
     D:6: 2328 daAuts
     D:3: 1376 daAuts
     D:2: 1372 daAuts
     D:4: 1268 daAuts
     D:1: 1104 daAuts
     D:5: 933 daAuts
  Temple: 270 daAuts
     D:7: 91 daAuts
